 Dungeon Crawl Stone Soup version 0.31-a0-361-g0f8bd3a31e (webtiles) character file.

Game seed: 3474005614372817083

10521 CrazyBamboolord the Grappler (level 11, -7/79 HPs)
             Began as a Black Draconian Shapeshifter on July 27, 2023.
             Was a Follower of Hepliaklqana.
             Mangled by a yak (10 damage)
             ... on level 1 of the Lair of Beasts.
             The game lasted 00:17:34 (10518 turns).

CrazyBamboolord the Grappler (DrSh)                Turns: 10518, Time: 00:17:35

Health: -7/79      AC:  8    Str: 28    XL:     11   Next: 37%
Magic:  11/11      EV: 14    Int:  8    God:    Hepliaklqana [*.....]
Gold:   503        SH:  4    Dex: 12    Spells: 10/10 levels left

rFire   . .          .
                       - Unarmed
rCold   . . .        (shield currently unavailable)
rNeg    . . .        (body armour unavailable)
rPois   +            (helmet restricted)
rElec   +            t - +0 cloak
rCorr   .            (gloves currently unavailable)
SInv    .            (no boots)
Will    .....        o - amulet of magic regeneration
Stlth   +            k - +6 ring of strength
HPRegen 0.00/turn    j - ring of poison resistance
MPRegen 0.52/turn

%: no passive effects
@: short of breath, blade hands, inhibited regen, unable to read
A: reduced essence, breathe lightning, AC +7, unfitting armour, electricity
resistance, cold-blooded, claws 1, talons 1, large bone plates 1, inhibited
regeneration, inability to read after injury 1
a: Breathe Lightning, Begin Untransformation, Renounce Religion, Recall
Ancestor, Ancestor Identity


You were on level 1 of the Lair of Beasts.
You worshipped Hepliaklqana.
Hepliaklqana was aware of your devotion.
You had blades for hands.
You visited 3 branches of the dungeon, and saw 11 of its levels.

You collected 503 gold pieces.

Inventory:

Armour
 t - a +0 cloak (worn)
Jewellery
 j - a ring of poison resistance (right blade hand)
 k - a +6 ring of strength (left blade hand)
 o - an amulet of magic regeneration (around neck)
Talismans
 b - a beast talisman
 m - a blade talisman
Wands
 a - a wand of flame (50)
 q - a wand of acid (4)
 u - a wand of paralysis (7)
Scrolls
 e - 3 scrolls of poison
 f - a scroll of teleportation
 i - a scroll of immolation
 l - a scroll of enchant armour
 n - 2 scrolls of torment
 p - a scroll of fear
 s - a scroll of silence
 v - 2 scrolls of identify
Potions
 c - 2 potions of brilliance
 d - a potion of resistance
 h - 2 potions of attraction
 r - a potion of might
 w - a potion of enlightenment {unknown}


   Skills:
 * Level 5.5 Fighting
 * Level 6.8 Dodging
 * Level 11.6 Unarmed Combat
 * Level 10.0 Shapeshifting


You had 10 spell levels left.
You didn't know any spells.
Your spell library contained the following spells:

 Spells                   Type           Power      Damage    Failure   Level
 Magic Dart               Conj           0%         1d3       82%         1
 Sandblast                Erth           0%         2d4       82%         1
 Call Imp                 Summ           0%         N/A       89%         2
 Ensorcelled Hibernation  Hex/Ice        0%         N/A       89%         2
 Lesser Beckoning         Tloc           0%         N/A       89%         2
 Passwall                 Tmut/Erth      0%         N/A       89%         2
 Gell's Gravitas          Tloc           0%         N/A       98%         3
 Mephitic Cloud           Conj/Pois/Air  0%         N/A       98%         3
 Ozocubu's Armour         Ice            0%         N/A       98%         3
 Stone Arrow              Conj/Erth      0%         3d7       98%         3
 Swiftness                Air            0%         N/A       98%         3
 Teleport Other           Tloc           0%         N/A       98%         3
 Metabolic Englaciation   Hex/Ice        0%         N/A       100%        5
 Simulacrum               Ice/Necr       0%         N/A       100%        6


Dungeon Overview and Level Annotations

Branches:
Dungeon (9/15)             Temple (1/1) D:7            Lair (1/5) D:9
    Orc: D:9-12

Altars:
Ashenzari
Cheibriados
Dithmenos
Elyvilon
Fedhas
Gozag
Hepliaklqana
Kikubaaqudgha
Makhleb
Nemelex Xobeh
Okawaru
Ru
Sif Muna
Trog
Uskayaw
Vehumet
Wu Jian
Xom
Yredelemnul
Zin
The Shining One

Shops:
D:1 (

Annotations:
D:8 2 transporters, voshxx's ghost, novice DrAE


Innate Abilities, Weirdness & Mutations

You have blades for hands.
Your spellcasting is less reliable in this form.
You are incapable of wielding weapons or throwing items.
Your life essence is reduced to manifest your ancestor. (-10% HP)
You can breathe wild blasts of lightning.
Your glossy black scales are hard. (AC +7)
You cannot fit into any form of body armour.
You are resistant to electric shocks. (rElec)
You are cold-blooded and may be slowed by cold attacks.
You have sharp fingernails.
You have sharp toenails.
You are partially covered in large bone plates. (SH +4)
You do not regenerate when monsters are visible.
You occasionally lose the ability to read scrolls when taking damage.


Message History

The orb of electricity engulfs the yak!!
The yak is severely wounded.
Shatu-murrim avoids your attack.
The orb of electricity engulfs the yak!
You kill the yak!
The orb of electricity engulfs the electric eel.
The electric eel completely resists.
The orb of electricity engulfs the electric eel.
The electric eel completely resists.
You hear an angry hiss.
The yak gores Shatu-murrim.
The yak misses you.
Shatu-murrim barely misses the yak.
Your Shapeshifting skill increases to level 10!
Unknown command.
Unknown command.
Unknown command.
The yak gores Shatu-murrim!
The yak gores you.
* * * LOW HITPOINT WARNING * * *
Shatu-murrim closely misses the yak.
You hit the yak. You claw the yak, but do no damage.
The yak is severely wounded.
The yak closely misses Shatu-murrim.
The yak gores you.
* * * LOW HITPOINT WARNING * * *
Unknown command.
You slice the yak!!
You kill the yak!
Shatu-murrim hits the yak.
Unknown command.
You feel better.
Shatu-murrim barely misses the yak.
The yak gores you!
* * * LOW HITPOINT WARNING * * *
The electric eel shoots out a bolt of lightning at you!
The bolt of electricity hits Shatu-murrim!
The bolt of electricity hits you. You resist.
* * * LOW HITPOINT WARNING * * *
Unknown command.
You cannot read scrolls in your current state!
Unknown command.
You closely miss the yak. Your kick misses the yak. You tail-slap the yak.
The yak is almost dead.
The yak gores you!
You die...

.. ♣♣.~~≈~~.♣♣
P.#.♣P♣.~≈~♣♣P♣
.....♣P♣~≈~♣.♣
.....♣P♣~≈~.♣
......♣♣.~≈~.♣
..........#......
.#........#....#.
#........#....#
........@#....#
.....[†.Y.#..##
..P...R...# .#
#.P.~~SS.##
#...~~≈~..
....~≈≈~...
....~~~~...
....~~~~....


You could see the friendly Shatu-murrim the ancestor, a yak and 2 electric eels.

Vanquished Creatures
  A two-headed ogre (D:8)
  Pikel (D:8)
  Joseph (D:8)
  Maggie (D:8)
  A black mamba (Lair:1)
  3 cane toads (Lair:1)
  2 wyverns (D:9)
  15 yaks
  Menkaure (D:6)
  2 water moccasins
  2 orc warriors
  2 sky beasts (D:8)
  2 black bears
  An ice beast (D:5)
  2 ogres
  4 wolves (Lair:1)
  2 centaurs
  A phantom (D:4)
  A lemure (D:8)
  2 kobold brigands
  5 bullfrogs
  7 scorpions
  A gnoll sergeant (D:8)
  14 wights
  13 killer bees
  6 electric eels
  A crimson imp (D:8)
  2 jellies
  2 hounds
  A gnoll bouda (D:5)
  5 orc priests
  Crazy Yiuf (D:7)
  2 sleepcaps
  3 iguanas
  Ijyb (D:3)
  8 orc wizards
  Natasha (thrice) (D:1)
  12 gnolls
  6 adders
  A shadow imp (D:4)
  2 white imps
  2 worms
  A dart slug (D:2)
  46 orcs
  7 bats
  11 endoplasms
  3 giant cockroaches
  5 hobgoblins
  2 quokkas
  11 ball pythons
  3 frilled lizards
  6 goblins
  A goblin skeleton (D:8)
  A goblin zombie (D:8)
  A hobgoblin zombie (D:8)
  16 kobolds
  A kobold skeleton (D:8)
  2 orc skeletons (D:8)
  2 orc zombies (D:8)
  6 rats
270 creatures vanquished.

Vanquished Creatures (collateral kills)
  An electric eel (Lair:1)
1 creature vanquished.

Vanquished Creatures (others)
  An ancestor (Lair:1)
1 creature vanquished.

Grand Total: 272 creatures vanquished

Notes
Turn   | Place    | Note
-------+----------+-------------------------------------------
     0 | D:1      | CrazyBamboolord the Draconian Shapeshifter began the quest
                  | for the Orb.
     0 | D:1      | Reached XP level 1. HP: 16/16 MP: 1/1
   202 | D:1      | Found Vischonu's Antique Weapon Shoppe.
   224 | D:1      | Reached XP level 2. HP: 20/23 MP: 2/2
   790 | D:2      | Found a shimmering altar of Xom.
   799 | D:2      | Noticed Natasha
   802 | D:2      | Reached XP level 3. HP: 27/28 MP: 3/3
   816 | D:1      | Killed Natasha
  1161 | D:2      | Reached XP level 4. HP: 31/35 MP: 4/4
  1779 | D:1      | Noticed Natasha
  1787 | D:1      | Killed Natasha
  1980 | D:1      | Noticed Natasha
  1984 | D:1      | Killed Natasha
  1985 | D:1      | Reached skill level 5 in Shapeshifting
  2038 | D:3      | Found a basalt altar of Yredelemnul.
  2051 | D:3      | Reached XP level 5. HP: 29/40 MP: 5/5
  2062 | D:2      | HP: 2/60 [orc/+0 hand axe (3)]
  2249 | D:3      | Noticed Ijyb
  2411 | D:3      | Killed Ijyb
  2920 | D:4      | Reached XP level 6. HP: 47/47 MP: 6/6
  3391 | D:4      | Your scales start taking on a glossy black colour.
  3391 | D:4      | Reached XP level 7. HP: 50/52 MP: 7/7
  3391 | D:4      | Gained mutation: You are resistant to electric shocks.
                  | (rElec) [Black Draconian growth]
  3653 | D:4      | Found an ornate altar of the Wu Jian Council.
  3733 | D:5      | Entered Level 5 of the Dungeon
  4108 | D:5      | Reached XP level 8. HP: 44/59 MP: 8/8
  4471 | D:6      | Noticed Menkaure
  4472 | D:6      | Killed Menkaure
  4492 | D:6      | Reached skill level 4 in Unarmed Combat
  4954 | D:6      | Reached skill level 5 in Unarmed Combat
  5203 | D:6      | Found a shimmering altar of Xom.
  5645 | D:7      | Found a shadowy altar of Dithmenos.
  5789 | D:7      | Reached skill level 6 in Unarmed Combat
  5789 | D:7      | Reached XP level 9. HP: 53/68 MP: 9/9
  5921 | D:7      | Found a staircase to the Ecumenical Temple.
  6025 | Temple   | Entered the Ecumenical Temple
  6093 | Temple   | Became a worshipper of Hepliaklqana the Forgotten
  6664 | D:7      | Found a runed translucent door.
  6665 | D:7      | Noticed Crazy Yiuf
  6669 | D:7      | Killed Crazy Yiuf
  6735 | D:8      | Noticed Joseph
  6736 | D:8      | Reached skill level 7 in Unarmed Combat
  6753 | D:7      | Gained mutation: You do not regenerate when monsters are
                  | visible. [potion of mutation]
  6753 | D:7      | Gained mutation: Your spells are a little harder to cast,
                  | but a little more powerful. [potion of mutation]
  6753 | D:7      | Gained mutation: You are dopey. (Int -2) [potion of
                  | mutation]
  6755 | D:7      | Lost mutation: Your spells are a little harder to cast, but
                  | a little more powerful. [potion of mutation]
  6755 | D:7      | Lost mutation: You are dopey. (Int -2) [potion of mutation]
  6755 | D:7      | Gained mutation: You have sharp fingernails. [potion of
                  | mutation]
  6755 | D:7      | Gained mutation: You occasionally lose the ability to read
                  | scrolls when taking damage. [potion of mutation]
  6755 | D:7      | Gained mutation: You are partially covered in large bone
                  | plates. (SH +4) [potion of mutation]
  6755 | D:7      | Gained mutation: You have sharp toenails. [potion of
                  | mutation]
  6952 | D:8      | Killed Joseph
  7048 | D:7      | Reached skill level 8 in Unarmed Combat
  7662 | D:8      | Noticed Maggie
  7675 | D:8      | Killed Maggie
  7676 | D:8      | Reached skill level 5 in Dodging
  7676 | D:8      | Reached XP level 10. HP: 55/78 MP: 10/10
  7716 | D:8      | Noticed Pikel
  7724 | D:8      | Killed Pikel
  7725 | D:8      | Reached skill level 9 in Unarmed Combat
  7832 | D:8      | Found a glowing golden altar of the Shining One.
  7940 | D:8      | Noticed a two-headed ogre
  7944 | D:8      | Killed a two-headed ogre
  8164 | D:8      | Found a transporter.
  8166 | D:8      | Found a transporter.
  8171 | D:8      | Noticed voshxx's ghost (novice DrAE)
  8558 | D:9      | Reached skill level 10 in Unarmed Combat
  9026 | D:9      | Reached skill level 5 in Fighting
  9029 | D:9      | Reached XP level 11. HP: 9/86 MP: 11/11
  9393 | D:9      | Found a staircase to the Lair.
  9395 | D:9      | Paralysed by an orc warrior for 5 turns
  9532 | D:9      | Found a broken altar of Ashenzari.
  9562 | D:9      | Reached * piety under Hepliaklqana
 10094 | Lair:1   | Entered Level 1 of the Lair of Beasts
 10103 | Lair:1   | Reached skill level 11 in Unarmed Combat
 10514 | Lair:1   | Reached skill level 10 in Shapeshifting
 10517 | Lair:1   | HP: 3/79 [electric eel/bolt of electricity (3)]
 10518 | Lair:1   | Mangled by a yak

Illustrated notes

Levels and vault maps discovered:
D:1:      minmay_arrival_cross, layout_loops_ring, serial_shops, shop,
          corexii_item_surrounded_by_moat
D:2:      layout_rooms, basic_altar, serial_bayou_pond_a, uniq_natasha
D:3:      layout_rooms, mainiacjoe_overflow_concentric_impassable, uniq_ijyb
D:4:      nicolae_cairo_tiling, layout_loops_cross, mainiacjoe_overflow_24_doors
D:5:      layout_basic
D:6:      layout_rooms, tgw_xom, grunt_decor_arrowhead, lemuel_flame_loot_1,
          uniq_menkaure
D:7:      layout_basic, lemuel_tele_altar,
          minmay_temple_entry_statues_fountains, serial_glass, glass_columns_b,
          glass_columns_b, feat_on_display, minmay_strange_pillars,
          dreamdust_gnoll_shepherd, uniq_crazy_yiuf_cottage
D:8:      layout_basic, nicolae_tso_besieged_by_evil, gammafunk_ghost_hive,
          corexii_leaking_fountain, uniq_maggie, uniq_joseph, uniq_pikel
D:9:      layout_basic, mainiacjoe_overflow_small_starburst, lair_entry_dummy,
          minmay_liquid_box, minmay_misc_feat_rugged
Temple:   eino_wide_crystal_templ
Lair:1:   layout_gridlike, wad_woods_river_02, roderic_batcave, minivault_27,
          kennysheep_rathole

Skill      XL: |  1  2  3  4  5  6  7  8  9 10 11 |
---------------+----------------------------------+-----
Shapeshifting  | 4 5 6 8 9 10 | 10.0
Dodging        | 3 5 6 |  6.8
Unarmed Combat | 6 8 10 11 | 11.6
Fighting       | 2 3 5 |  5.5

Action                     |  1- 3 |  4- 6 |  7- 9 | 10-12 || total
---------------------------+-------+-------+-------+-------++-------
  Melee: Unarmed           |    92 |   167 |   218 |   162 ||   639
         Tailslap          |     4 |    23 |    34 |    17 ||    78
         Punch             |     1 |     3 |     9 |     5 ||    18
         Kick              |       |       |    10 |    40 ||    50
Ability: Breathe Lightning |       |       |    29 |     6 ||    35
    Use: Scroll            |     1 |     5 |     4 |     2 ||    12
         Potion            |       |     4 |    10 |     1 ||    15
   Stab: Sleeping          |     1 |     1 |       |       ||     2
         Invisible         |       |       |     1 |       ||     1
 Armour: Skin              |    28 |    70 |    71 |    24 ||   193
  Dodge: Dodged            |    55 |    86 |   149 |    89 ||   379
  Block: Other             |       |       |     8 |    12 ||    20
   Form: Blade             |       |       |     1 |       ||     1

Table legend: (Time is in decaauts)
 A = Elapsed time spent in this place.
 B = Non-inter-level travel time spent in this place.
 C = Inter-level travel time spent in this place.
 D = Time resting spent in this place.
 E = Time spent auto-exploring this place.
 F = Levels seen in this place.
 G = Mean time per level.
                   A        B        C        D        E       F      G
               +--------+--------+--------+--------+--------+-----+--------+
         Total |  10503 |  10047 |    456 |   2157 |   5954 |  11 |  954.8 |
       Dungeon |   9991 |   9549 |    442 |   1931 |   5837 |   9 | 1110.1 |
        Temple |     82 |     68 |     14 |     30 |      0 |   1 |   82.0 |
          Lair |    430 |    430 |      0 |    196 |    117 |   1 |  430.0 |
               +--------+--------+--------+--------+--------+-----+--------+

Top non-repeatable levels by time:
     D:7: 1758 daAuts
     D:1: 1558 daAuts
     D:9: 1440 daAuts
     D:8: 1334 daAuts
     D:6: 889 daAuts
     D:4: 864 daAuts
     D:2: 854 daAuts
     D:5: 839 daAuts
     D:3: 452 daAuts
  Lair:1: 430 daAuts
  Temple: 82 daAuts
